 Dungeon Crawl Stone Soup version 0.22-a0-362-g535178c (webtiles) character file.

73 Amnesiac the Cutter (level 4, -3/35 HPs)
             Began as a Mummy Chaos Knight on Apr 19, 2018.
             Killed from afar by an orc wizard (6 damage)
             ... with a puff of flame
             ... on level 3 of the Dungeon.
             The game lasted 00:04:45 (21977 turns).

Amnesiac the Cutter (Mummy Chaos Knight)           Turns: 21977, Time: 00:04:46

Health: -3/35      AC:  5    Str: 16    XL:     4   Next: 8%
Magic:  4/4        EV: 11    Int: 11    God:    Xom [.*....]
Gold:   111        SH:  0    Dex: 11    Spells: 3/3 levels left

rFire    x . .     SeeInvis +   a - +0 short sword (chaos)
rCold    + . .     Gourm    .   (no shield)
rNeg     + + +     Faith    .   b - +2 leather armour
rPois    ∞         Spirit   .   (no helmet)
rElec    .         Reflect  .   c - scarf {cloud immunity}
rCorr    .         Harm     .   (no gloves)
MR       +....                  (no boots)
Stlth    +.........             (no amulet)
HPRegen  0.11/turn              d - ring of protection from magic
MPRegen  0.09/turn              h - ring of see invisible

@: no status effects
A: no food or potions, fire vulnerability, cold resistance 1, negative energy
resistance 3, torment resistance, unbreathing
a: Renounce Religion


You were on level 3 of the Dungeon.
You worshipped Xom.
You were a plaything of Xom.
You were not hungry.

You visited 1 branch of the dungeon, and saw 3 of its levels.

You collected 111 gold pieces.

Inventory:

Hand Weapons
 a - a +0 short sword of chaos (weapon)
Armour
 b - a +2 leather armour (worn)
 c - a scarf of cloud immunity (worn)
Jewellery
 d - a ring of protection from magic (left hand)
 h - a ring of see invisible (right hand)
Scrolls
 e - a scroll of magic mapping {!r, unknown}
 i - a scroll of remove curse {!r}
 j - a scroll of identify {!r}


   Skills:
 - Level 3.0 Fighting
 * Level 3.6 Short Blades
 - Level 1.5 Armour
 - Level 0.7 Dodging
 + Level 1.7 Stealth


You had 3 spell levels left.
You didn't know any spells.

Dungeon Overview and Level Annotations

Branches:
Dungeon (3/15)

Altars:
Ashenzari
Dithmenos
Xom


Innate Abilities, Weirdness & Mutations

You do not eat or drink.
Your flesh is vulnerable to fire.
You are immune to poison.
Your flesh is cold resistant. (rC+)
You are immune to negative energy. (rN+++)
You are immune to unholy pain and torment.
You can survive without breathing.


Message History

The leopard gecko is poisoned.
The leopard gecko bites you.
* * * LOW HITPOINT WARNING * * *
You hit the leopard gecko but do no damage.
The leopard gecko closely misses you.
You completely miss the leopard gecko.
The leopard gecko is severely wounded.
The leopard gecko misses you.
You hit the leopard gecko.
You kill the leopard gecko!
The leopard gecko's corpse disappears in a puff of smoke!
The adder bites you but does no damage.
You hit the adder.
The adder is heavily wounded.
The adder barely misses you.
You hit the adder.
The adder is severely wounded.
The adder closely misses you.
You closely miss the adder.
The adder is severely wounded.
The adder closely misses you.
You hit the adder.
You kill the adder!
The adder's corpse disappears in a puff of smoke!
You hit the frilled lizard.
You kill the frilled lizard!
The frilled lizard's corpse disappears in a puff of smoke!
You start resting.
You are now a BORING thing.
You start resting.
Xom twists space around you.
Your surroundings suddenly seem different.
Your surroundings suddenly seem different.
Your surroundings suddenly seem different.
Your surroundings suddenly seem different.
Your surroundings suddenly seem different.
You are now a plaything of Xom.
Found a hunting sling and a scroll of identify.
Found a stone staircase leading down.
A kobold, 4 orcs and an orc wizard come into view.
Unknown command.
Unknown command.
Unknown command.
The helpless orc fails to defend itself.
You hit the orc. You freeze the orc.
You kill the orc!
The orc wizard shouts!
The orc shouts! x2
The orc wizard mumbles some strange words.
The orc wizard seems to speed up.
The orc hits you but does no damage. "Boo!"
You hear a shout! x5; You hear a bark! x2; You hear a shout! x3
The orc hits you.
* * * LOW HITPOINT WARNING * * *
The orc barely misses you. The orc wizard hits you with a dagger.
* * * LOW HITPOINT WARNING * * *
The orc hits you but does no damage.
The kobold throws a stone.
The stone hits you but does no damage. The orc wizard barely misses you.
The orc hits you but does no damage.
Found a shadowy altar of Dithmenos.
You see here a stone.
The orc wizard casts a spell at you. The puff of flame hits you!
The fire burns you terribly!
You die...
Xom thinks this is hilarious!

############
...........#
..K.).ooo..#
.......(o..#
###
.>.....@...#
#..
...§§......#
#.#
...#§#.§.?.#
#.#
..#§§§#....#
#.#
.#§#.#§#§..#
#.# §_ ...#
#.# # ####
#.# ...
#.#.....#
..###


You could see an orc wizard, 3 orcs and a kobold.

Vanquished Creatures
  A worker ant (D:2)
  An adder (D:2)
  2 leopard geckos
  An orc (D:3)
  2 bats
  9 goblins
  4 hobgoblins
  5 kobolds
  3 frilled lizards
  3 rats
31 creatures vanquished.

Vanquished Creatures (others)
  A giant cockroach (D:2)
1 creature vanquished.

Grand Total: 32 creatures vanquished

Notes
Turn   | Place    | Note
-------+----------+-------------------------------------------
     0 | D:1      | Amnesiac the Mummy Chaos Knight began the quest for the Orb.
     0 | D:1      | Reached XP level 1. HP: 18/18 MP: 1/1
    52 | D:1      | XOM: silly message
    53 | D:1      | XOM: harmless Chrm miscast
    56 | D:1      | XOM: mild Air miscast
    71 | D:1      | Reached XP level 2. HP: 10/24 MP: 2/2
   148 | D:1      | XOM: mild Erth miscast
   317 | D:1      | Found a shattered altar of Ashenzari.
   536 | D:1      | XOM: god gift: robe {god gift}
   561 | D:1      | Reached skill level 1 in Stealth
   819 | D:1      | XOM: mild Pois miscast
  1387 | D:1      | XOM: god gift: runed scarf {god gift}
  1526 | D:1      | XOM is BORED!
  1526 | D:1      | XOM: noise
  2075 | D:1      | XOM: stat loss: -1 Str (14/15)
  2176 | D:1      | XOM: harmless Tloc miscast
  2235 | D:1      | XOM: medium Air miscast
  2412 | D:1      | XOM: harmless Conj miscast
  2450 | D:1      | XOM: summons 1 hostile shadow creature
  2788 | D:1      | XOM is BORED!
  2788 | D:1      | XOM: summons 2 hostile shadow creatures
  2809 | D:1      | XOM: medium Pois miscast
  3348 | D:1      | XOM: noise
  3462 | D:1      | XOM: stat loss: -1 Str (13/15)
  3902 | D:1      | XOM: noise
  4739 | D:1      | XOM: summons 3 hostile shadow creatures
  5548 | D:1      | XOM: mild Tmut miscast
  5953 | D:1      | XOM: god gift: 15 stones
  6388 | D:1      | XOM: harmless Tmut miscast
  6767 | D:1      | XOM: divination: detect items
  6944 | D:1      | XOM: medium Summ miscast
  6945 | D:1      | Noticed a chaos spawn
  7278 | D:2      | Reached XP level 3. HP: 29/29 MP: 3/3
  8029 | D:2      | XOM: mild Pois miscast
  8083 | D:2      | XOM: cloud trail
  8152 | D:3      | Reached XP level 4. HP: 32/35 MP: 4/4
  8513 | D:2      | XOM: cloud trail
  8733 | D:2      | XOM: scenery: create altars
  8987 | D:2      | XOM: scenery: create altars
  9145 | D:2      | XOM: harmless Conj miscast
  9476 | D:2      | XOM: harmless Air miscast
 10144 | D:2      | XOM: mild Conj miscast
 10956 | D:2      | XOM: harmless Hex miscast
 11410 | D:2      | XOM: medium Pois miscast
 11686 | D:2      | XOM: harmless Pois miscast
 13553 | D:2      | XOM: divination: magic mapping
 13721 | D:2      | XOM: silly message
 13901 | D:2      | XOM: divination: detect creatures
 13959 | D:2      | XOM is BORED!
 13959 | D:2      | XOM: harmless Chrm miscast
 14556 | D:2      | XOM: harmless Hex miscast
 14612 | D:2      | XOM: harmless Erth miscast
 15193 | D:2      | XOM is BORED!
 15193 | D:2      | XOM: silly message
 15642 | D:2      | XOM: divination: detect creatures
 15646 | D:2      | XOM: silly message
 16033 | D:2      | XOM is BORED!
 16033 | D:2      | XOM: harmless Erth miscast
 16037 | D:2      | XOM: harmless Necr miscast
 16959 | D:2      | XOM: silly message
 16962 | D:2      | XOM: divination: magic mapping
 17128 | D:2      | XOM: silly message
 17547 | D:2      | XOM: cloud trail
 17591 | D:2      | XOM: scenery: create altars
 18210 | D:2      | XOM is BORED!
 18210 | D:2      | XOM: medium Chrm miscast
 18493 | D:2      | XOM: harmless Pois miscast
 18707 | D:2      | XOM: summons 2 hostile demons
 18772 | D:3      | XOM: 4-stop teleportation journey
 18997 | D:2      | XOM: summons 1 hostile demon
 19185 | D:2      | XOM: scenery: create altars
 19193 | D:2      | XOM: harmless Erth miscast
 19276 | D:2      | XOM: harmless Conj miscast
 19902 | D:2      | XOM: noise
 19912 | D:2      | XOM: mild Air miscast
 20010 | D:2      | XOM: harmless Hex miscast
 20035 | D:2      | XOM: harmless Pois miscast
 20662 | D:2      | XOM: divination: detect creatures
 20854 | D:2      | XOM: medium Summ miscast
 20855 | D:2      | Noticed an orange demon
 21879 | D:2      | XOM: summons 2 hostile demons
 21886 | D:2      | HP: 1/35 [ufetubus[Xom] (4)]
 21930 | D:3      | XOM: summons 3 hostile shadow creatures
 21973 | D:3      | XOM is BORED!
 21973 | D:3      | XOM: 5-stop teleportation journey
 21975 | D:3      | XOM: noise
 21976 | D:3      | Found a shadowy altar of Dithmenos.
 21977 | D:3      | Killed from afar by an orc wizard

Vault maps used:
D:1:      tarquinn_simple_flora_water_f, evilmike_ruin_ashenzari
D:3:      lemuel_upstairs_altar, grunt_dithmenos_smoke_and_mirrors

Skill      XL: |  1  2 |
---------------+-------+-----
Short Blades   | 3 |  3.6
Stealth        | 1 |  1.7
Fighting       | |  3.0
Armour         | |  1.5
Dodging        | |  0.7

Action                   |  1- 3 |  4- 6 || total
-------------------------+-------+-------++-------
Melee: Short sword       |   102 |    32 ||   134
  Use: Scroll            |     2 |     2 ||     4
 Stab: Sleeping          |     1 |     3 ||     4
       Distracted        |       |     1 ||     1
Armor: Leather armour    |    40 |    21 ||    61
Dodge: Dodged            |    50 |    44 ||    94

Table legend:
 A = Spawn XP
 B = Non-spawn XP
 C = Spawn XP percentage of total XP
 D = Spawn monster count
 E = Non-spawn monster count
 F = Spawn count percentage of total count
 G = Total turns spent on level
                    A         B        C        D         E        F      G
               +---------+---------+-------+---------+---------+-------+---------
         Total |       0 |     105 |   0.0 |       0 |      32 |   0.0 | 21977
               +---------+---------+-------+---------+---------+-------+---------
           D:1 |       0 |      32 |   0.0 |       0 |      18 |   0.0 |  6981
           D:2 |       0 |      61 |   0.0 |       0 |       9 |   0.0 | 14609
           D:3 |       0 |      12 |   0.0 |       0 |       5 |   0.0 |   387
               +---------+---------+-------+---------+---------+-------+---------
